 Dungeon Crawl Stone Soup version 0.16.1-18-g436b03c (webtiles) character file.

141233 drasked the Executioner (level 17, -2/159 HPs)
             Began as a Gargoyle Berserker on May 3, 2015.
             Was the Champion of Trog.
             Killed from afar by a merfolk aquamancer (28 damage)
             ... with a shard of ice
             ... on level 5 of the Shoals.
             The game lasted 00:33:18 (31798 turns).

drasked the Executioner (Gargoyle Berserker)       Turns: 31798, Time: 00:33:18

Health: -2/159     AC: 41    Str: 32    XL:     17   Next: 32%
Magic:  17/17      EV:  8    Int: 13    God:    Trog [******]
Gold:   3260       SH:  0    Dex: 10    Spells: 0 memorised, 16 levels left

rFire  + . .     SeeInvis +     Y - +9 executioner's axe (drain)
rCold  + . .     Clarity  +     t - +3 plate armour {MR+}
rNeg   + . .     SustAb   .     (no shield)
rPois  ∞         Gourm    .     v - +2 hat {MR+}
rElec  +         Spirit   .     c - +2 cloak of Joy {rCorr}
rCorr  +         Warding  .     p - +2 pair of gloves
rMut   .         Stasis   .     n - +2 pair of boots {Fly}
MR     +++++                    B - amulet "Oceoxuhu" {+Blink rPois rC+ Regen+ Int+4 Dex-5}
Stlth  ..........               (no ring)
                                y - +6 ring of dexterity

@: berserking, flying, regenerating, very quick, almost entirely resistant to
hostile enchantments, extremely unstealthy
A: able to fly continuously, big wings, see invisible, clarity, fire resistance
1, negative energy resistance 1, electricity resistance, unbreathing,
petrification resistance, rot immunity, AC +12
a: Stop Flying, Burn Spellbooks, Berserk, Trog's Hand, Brothers in Arms,
Renounce Religion, Evoke Blink


You were on level 5 of the Shoals.
You worshipped Trog.
Trog was exalted by your worship.
You were hungry.

You visited 4 branches of the dungeon, and saw 31 of its levels.

You collected 3260 gold pieces.


Innate Abilities, Weirdness & Mutations

You are resistant to torment.
You are immune to poison.
You can fly continuously.
Your stone body is very resilient (AC +12).
Your wings are large and strong.
You resist negative energy.
You are resistant to electric shocks.
You can survive without breathing.
You are immune to petrification.
You are immune to rotting.
You have supernaturally acute eyesight.
You possess an exceptional clarity of mind.
Your flesh is heat resistant.


   Skills:
 + Level 11.7 Fighting
 + Level 23.2 Axes
 - Level 8.1 Armour
 - Level 1.5 Dodging


You had 16 spell levels left.
You didn't know any spells.

Inventory:

Hand weapons
 Y - a +9 executioner's axe of draining (weapon)
Missiles
 j - 13 steel javelins (quivered)
 z - 10 javelins of returning
Armour
 c - the +2 cloak of Joy (worn) {rCorr}
   (You found it on level 4 of the Dungeon)

   It protects you from acid and corrosion.
 n - a +2 pair of boots of flying (worn)
 p - a +2 pair of gloves (worn)
 t - a +3 plate armour of magic resistance (worn)
 v - a +2 hat of magic resistance (worn)
Jewellery
 b - an uncursed ring of protection from magic
 r - an uncursed ring of fire
 y - a +6 ring of dexterity (left hand)
 B - the amulet "Oceoxuhu" (around neck) {+Blink rPois rC+ Regen+ Int+4 Dex-5}
   (You found it on level 12 of the Dungeon)

   [amulet of regeneration]

   It affects your intelligence (+4).
   It affects your dexterity (-5).
   It protects you from cold.
   It protects you from poison.
   It lets you blink.
   It increases your rate of regeneration.
Magical devices
 h - a wand of hasting (6)
Scrolls
 d - 13 scrolls of identify
 m - 10 scrolls of remove curse
 q - 3 scrolls of recharging
 u - 4 scrolls of teleportation
 A - 2 scrolls of enchant weapon
Potions
 a - 6 potions of might
 f - 8 potions of restore abilities
 i - 6 potions of heal wounds
 k - a potion of cure mutation
 l - 7 potions of curing
 w - 2 potions of haste
 x - a potion of cancellation
 C - a potion of resistance
Comestibles
 e - a fruit
 g - 15 bread rations
 o - 9 meat rations
 s - 9 royal jellies

Dungeon Overview and Level Annotations

Branches:
Dungeon (15/15)            Temple (0/1) D:6            Lair (8/8) D:11
 Shoals (5/5) Lair:6       Spider (0/5) Lair:5        Slime (0/6) Lair:6
    Orc (3/4) D:9          Vaults (0/5) D:13         Depths (0/5) D:15
    Elf: Orc:3-4

Altars:
Cheibriados
Elyvilon
Makhleb
Qazlal
Trog
Xom
Yredelemnul
The Shining One

Shops:
D:9 *   Shoals:3 [

Portals:
Trove: D:15 (give +6 demon trident)

Annotations:
D:11 2 runed doors


Message History

The merfolk javelineer throws a steel javelin.
The steel javelin hits you!
The merfolk javelineer throws a javelin.
The javelin hits you!
The merfolk avatar chants a haunting song.
You are unaffected.
The merfolk javelineer barely misses you.
The snapping turtle bites you but does no damage.
You slice the merfolk javelineer!! You drain the merfolk javelineer!
The merfolk javelineer is almost dead.
You cut the merfolk javelineer into ribbons!!!
The merfolk javelineer is heavily wounded.
Your plate armour prevents you from hitting the snapping turtle.
The merfolk javelineer throws a steel javelin.
The steel javelin hits you but does no damage.
The merfolk javelineer throws a javelin.
The javelin hits you but does no damage.
The merfolk aquamancer gestures at you while chanting.
The shard of ice hits you! You partially resist.
You die...

~~~~~~~~~~~....~.... .~~~
~~~~~~~~~.~~~~~~~... #...~
~~~~~~~~~~~~~~~~~.. ##...
~~~~~~~~~~~~~~~~~. .....
~~~~~~~~~~~~~~~~~ ......
~~~~~~~~~~~~~~~~~ #### ......
~~~~~~~~~~~~~~~~##{~~## .......
~~~~~~~~~~~~~~~~#mm~~~# ........
~~~~~~~~~~~~~~~~@tcm~~#.........#
~~~~~~~~~~~~~~~(#mm~~~#........##
~~~~~~~~~~~~~~~~##~~~##.........#
~~~~~~~~~~~~~m~~~#####~~....#....
~~~~~~~~~~~~~~~~~~..~~~~...###...
~~~~~~~~~~~(~~~~~:~..~~~....#....
~~~~~~~~~~~~~#####~~.~~~.........
~~~~~~~~~~~~## ##~~~~~....#....
~~~~~~~~~~~~# #~..~....###...


You could see a merfolk avatar, 3 merfolk javelineers, a satyr, a merfolk
aquamancer, a snapping turtle (roused) and a water nymph (roused).

Vanquished Creatures
  Rupert (Lair:5)
  The ghost of drasked the Severer, a mighty GrBe of Trog (Shoals:5)
  A fire giant (D:15)
  Maud (Lair:7)
  Gastronok (D:11)
  The ghost of ronnideworm the Severer, a powerful MiBe of Lugonu (Lair:4)
  6 merfolk javelineers
  A minotaur (shapeshifter) (D:14)
  10 merfolk impalers
  Josephine (Orc:2)
  Fannar (D:14)
  Harold (D:13)
  Nessos (D:11)
  6 hydras
  A catoblepas (Lair:8)
  2 merfolk avatars
  Erica (Lair:4)
  6 merfolk aquamancers
  3 centaur warriors
  An ogre mage (D:13)
  Urug (D:12)
  2 unseen horrors
  16 sea snakes
  14 hill giants
  A lindwurm (Lair:7)
  6 harpies
  9 griffons
  An oklob plant (Lair:8)
  2 ugly things (D:13)
  9 cyclopes
  An orc knight (D:11)
  8 manticores
  6 water nymphs
  4 elephants (Lair:4)
  9 sirens
  5 spiny frogs
  Maurice (Orc:1)
  A gargoyle (D:11)
  2 centaur zombies (D:10)
  6 black mambas
  3 kobold demonologists
  3 centaur skeletons
  12 komodo dragons
  23 merfolk
  7 fire drakes
  2 spriggan druids (Lair:8)
  A queen bee (Lair:2)
  4 trolls
  10 polar bears
  4 wind drakes
  9 snapping turtles
  4 two-headed ogres
  7 basilisks
  A boulder beetle (D:13)
  8 blink frogs
  A centaur simulacrum (D:13)
  7 water elementals
  3 deep elf magi
  7 redbacks (Lair:8)
  14 spriggans (Lair:8)
  7 wraiths
  A trapdoor spider (D:14)
  A shadow (D:12)
  Eustachio (D:7)
  22 hippogriffs
  58 yaks
  Grum (D:8)
  5 hungry ghosts
  8 wyverns
  12 water moccasins
  Edmund (D:9)
  28 wolves
  A mottled dragon (D:14)
  2 hell hounds (Lair:6)
  An eye of draining (D:9)
  10 black bears
  A necrophage (D:6)
  4 wasps
  16 ice beasts
  10 orc warriors
  14 porcupines
  6 ogres
  2 phantoms (D:9)
  5 sky beasts
  6 big kobolds
  A boring beetle (Lair:7)
  14 crocodiles
  9 centaurs
  Sigmund (D:5)
  Blork the orc (D:6)
  17 giant frogs
  2 brain worms
  2 gnoll sergeants
  A wyvern skeleton (D:11)
  4 scorpions
  5 electric eels
  22 killer bees
  A troll zombie (D:9)
  6 wights
  A lava snake (D:12)
  4 crimson imps
  A quasit (D:9)
  A giant frog zombie (D:13)
  6 jellies
  2 goliath beetles (Lair:5)
  17 hounds
  Crazy Yiuf (D:7)
  11 iguanas
  11 orc priests
  18 orc wizards
  3 gnoll shamans (D:5)
  15 worker ants
  13 sheep
  A giant frog simulacrum (D:12)
  5 ogre zombies (D:9)
  Terence (D:3)
  4 worker ant zombies
  41 gnolls
  5 shadow imps
  29 river rats
  18 adders
  2 giant mites
  A worm (D:3)
  2 white imps (D:12)
  An ufetubus (D:12)
  An adder skeleton (D:9)
  7 giant geckos
  7 oozes
  77 orcs
  A bat skeleton (D:5)
  14 goblins
  14 hobgoblins
  20 quokkas
  12 bats
  12 giant cockroaches
  A giant gecko zombie (D:7)
  6 giant newts
  2 goblin skeletons (D:9)
  A goblin zombie (D:9)
  4 hobgoblin zombies (D:9)
  24 jackals
  33 kobolds
  4 orc skeletons (D:9)
  8 orc zombies (D:9)
  2 quokka zombies
  18 rats
  6 fungi
  12 plants
1090 creatures vanquished.

Vanquished Creatures (collateral kills)
  4 hydras
  Erolcha (D:8)
  A griffon (Lair:6)
  The ghost of drasked the Cleaver, an experienced GrBe of Trog (D:6)
  Joseph (D:8)
  A fire drake (Lair:6)
  Sonja (D:11)
  3 wyverns (Lair:6)
  A hippogriff (Lair:6)
  3 wolves (Lair:8)
  An orc wizard (D:8)
  An iguana (Lair:1)
  An adder zombie (D:9)
  An orc (D:8)
21 creatures vanquished.

Vanquished Creatures (others)
  A cyclops (D:13)
  7 drowned souls
  A deep elf mage (D:13)
  3 ogres (Lair:6)
  4 river rats (Lair:8)
  3 orcs (Orc:3)
  A butterfly (Lair:6)
  3 fungi (Lair:8)
  3 plants
26 creatures vanquished.

Grand Total: 1137 creatures vanquished

Notes
Turn   | Place    | Note
--------------------------------------------------------------
     0 | D:1      | drasked, the Gargoyle Berserker, began the quest for the Orb.
     0 | D:1      | Reached XP level 1. HP: 14/14 MP: 1/1
     0 | D:1      | 0 ||| counter = 29
    99 | D:1      | Reached skill level 3 in Axes
   312 | D:1      | Reached XP level 2. HP: 14/19 MP: 2/2
   533 | D:1      | Acquired Trog's second power
   960 | D:1      | 960 ||| INVOKING Berserk.
   960 | D:1      | HP: 7/28 [giant gecko (2)]
  1109 | D:1      | 1109 ||| EATING bread ration.
  1261 | D:1      | 1261 ||| READING scroll labeled BEMAPS EPOZ.
  1262 | D:1      | 1262 ||| READING 4 scrolls labeled LEGAYPS TAC KHEA.
  1263 | D:1      | 1263 ||| READING scroll labeled FIQIEKHLIOSI.
  1264 | D:1      | 1264 ||| READING 3 scrolls of identify.
  1264 | D:1      | 1264 ||| IDENTIFYING coppery potion
  1291 | D:1      | Reached XP level 3. HP: 23/23 MP: 3/3
  1297 | D:2      | 1297 ||| STAIRDANCE
  1304 | D:2      | 1304 ||| STAIRDANCE
  1349 | D:2      | 1349 ||| INVOKING Berserk.
  1584 | D:2      | Reached skill level 4 in Axes
  1972 | D:2      | Reached XP level 4. HP: 23/28 MP: 4/4
  2191 | D:2      | 2191 ||| UPGRADING to scale mail.
  2201 | D:2      | 2201 ||| DROPPING +0 animal skin.
  2202 | D:2      | 2202 ||| READING scroll labeled MUEZOI RUAH.
  2203 | D:2      | 2203 ||| READING 2 scrolls labeled KUKI NELIONOTZ.
  2204 | D:2      | 2204 ||| READING scroll labeled ZOAWKY PHEIC.
  2205 | D:2      | 2205 ||| READING scroll labeled UCINLA VIASHIARR.
  2209 | D:2      | 2209 ||| DRINKING 2 glowing ruby potions.
  2210 | D:2      | 2210 ||| READING 4 scrolls of identify.
  2210 | D:2      | 2210 ||| IDENTIFYING twisted bronze ring
  2211 | D:2      | 2211 ||| DROPPING ring of poison resistance.
  2212 | D:2      | 2212 ||| READING 3 scrolls of identify.
  2212 | D:2      | 2212 ||| IDENTIFYING grey potion
  2213 | D:2      | 2213 ||| READING 2 scrolls of identify.
  2213 | D:2      | 2213 ||| IDENTIFYING golden potion
  2447 | D:3      | 2447 ||| UPGRADING to war axe of venom.
  2448 | D:3      | 2448 ||| DROPPING +0 hand axe.
  2814 | D:3      | Noticed Terence
  2832 | D:3      | Killed Terence
  2884 | D:3      | Acquired Trog's third power
  3122 | D:3      | 3122 ||| READING 2 scrolls labeled GRONIESUICI.
  3123 | D:3      | 3123 ||| READING 2 scrolls of identify.
  3123 | D:3      | 3123 ||| IDENTIFYING glowing sapphire potion
  3163 | D:4      | Reached skill level 5 in Axes
  3163 | D:4      | Reached XP level 5. HP: 27/32 MP: 5/5
  3248 | D:4      | Noticed an ogre
  3255 | D:4      | 3255 ||| INVOKING Berserk.
  3257 | D:4      | Killed an ogre
  3257 | D:4      | Reached skill level 6 in Axes
  3257 | D:4      | Reached XP level 6. HP: 37/37 MP: 6/6
  3291 | D:4      | 3291 ||| EATING beef jerky.
  3316 | D:4      | Got a jewelled cloak
  3627 | D:4      | 3627 ||| UPGRADING to jewelled cloak.
  3632 | D:4      | Identified the +2 cloak of Joy {rCorr} (You found it on level 4 of the Dungeon)
  3632 | D:4      | 3632 ||| UPGRADING to pair of gloves.
  3637 | D:4      | 3637 ||| READING scroll of enchant armour.
  3637 | D:4      | 3637 ||| ENCHANTING +0 pair of gloves.
  3638 | D:4      | 3638 ||| READING scroll labeled WATRAH SMOU.
  3639 | D:4      | 3639 ||| DRINKING 2 lumpy pink potions.
  3640 | D:4      | 3640 ||| DRINKING 2 cyan potions.
  3641 | D:4      | 3641 ||| READING 2 scrolls of identify.
  3641 | D:4      | 3641 ||| IDENTIFYING viscous white potion
  3680 | D:5      | Entered Level 5 of the Dungeon
  3702 | D:5      | Found a burning altar of Makhleb.
  3733 | D:5      | Reached XP level 7. HP: 34/41 MP: 7/7
  3741 | D:5      | Reached skill level 7 in Axes
  3780 | D:5      | Received a gift from Trog
  3820 | D:5      | Noticed Sigmund
  3823 | D:5      | 3823 ||| INVOKING Berserk.
  3829 | D:5      | Killed Sigmund
  4039 | D:5      | 4039 ||| INVOKING Berserk.
  4040 | D:5      | Reached skill level 8 in Axes
  4040 | D:5      | Reached XP level 8. HP: 34/48 MP: 8/8
  4060 | D:5      | 4060 ||| EATING 4 meat rations.
  4204 | D:5      | 4204 ||| INVOKING Berserk.
  4467 | D:5      | Reached skill level 9 in Axes
  4912 | D:5      | Reached skill level 10 in Axes
  4938 | D:5      | 4938 ||| Stepping ~*~*~tactically~*~*~ (water).
  4953 | D:5      | 4953 ||| Stepping ~*~*~tactically~*~*~ (water).
  4990 | D:5      | Reached XP level 9. HP: 54/54 MP: 9/9
  5147 | D:5      | 5147 ||| INVOKING Berserk.
  5181 | D:5      | 5181 ||| EATING 4 meat rations.
  5381 | D:5      | 5381 ||| READING scroll labeled KANOBYI FIOW.
  5484 | D:6      | Noticed drasked's ghost (experienced GrBe)
  5484 | D:6      | 5484 ||| INVOKING Brothers in Arms.
  5488 | D:6      | 5488 ||| INVOKING Berserk.
  5495 | D:6      | Killed drasked's ghost
  5611 | D:6      | Noticed Blork the orc
  5619 | D:6      | Killed Blork the orc
  5703 | D:6      | 5703 ||| INVOKING Berserk.
  5705 | D:6      | Received a gift from Trog
  5753 | D:6      | 5753 ||| UPGRADING to battleaxe.
  5754 | D:6      | 5754 ||| DROPPING +1 war axe of venom.
  5756 | D:6      | 5756 ||| UPGRADING to glowing executioner's axe {god gift}.
  5757 | D:6      | 5757 ||| DROPPING +0 battleaxe.
  5888 | D:6      | Reached skill level 11 in Axes
  5902 | D:6      | Found a staircase to the Ecumenical Temple.
  5960 | D:6      | 5960 ||| INVOKING Berserk.
  6008 | D:6      | 6008 ||| EATING 3 meat rations.
  6051 | D:6      | Found a glowing golden altar of the Shining One.
  6055 | D:6      | Found a shimmering altar of Xom.
  6056 | D:6      | Found a bloodstained altar of Trog.
  6066 | D:6      | Found a white marble altar of Elyvilon.
  6204 | D:6      | 6204 ||| UPGRADING to plate armour.
  6214 | D:6      | 6214 ||| DROPPING +0 scale mail.
  6215 | D:6      | 6215 ||| UPGRADING to cabochon ring.
  6216 | D:6      | 6216 ||| REMOVING ring of stealth.
  6217 | D:6      | 6217 ||| DROPPING ring of stealth.
  6218 | D:6      | 6218 ||| READING scroll labeled ETZUXY ROQU.
  6256 | D:7      | 6256 ||| INVOKING Berserk.
  6310 | D:7      | 6310 ||| INVOKING Berserk.
  6441 | D:7      | Noticed Eustachio
  6449 | D:7      | Reached skill level 3 in Armour
  6456 | D:7      | Killed Eustachio
  6632 | D:7      | 6632 ||| INVOKING Berserk.
  6638 | D:7      | 6638 ||| EATING 2 meat rations.
  6644 | D:7      | 6644 ||| READING 2 scrolls of teleportation.
  6836 | D:7      | 6836 ||| INVOKING Berserk.
  7175 | D:7      | Noticed Crazy Yiuf
  7178 | D:7      | 7178 ||| INVOKING Berserk.
  7179 | D:7      | Killed Crazy Yiuf
  7229 | D:7      | 7229 ||| READING 3 scrolls of identify.
  7229 | D:7      | 7229 ||| IDENTIFYING bubbling dark potion
  7241 | D:7      | Reached XP level 10. HP: 60/60 MP: 3/10
  7242 | D:7      | Reached skill level 6 in Fighting
  7331 | D:8      | 7331 ||| STAIRDANCE
  7392 | D:8      | Noticed Joseph
  7393 | D:8      | Noticed Erolcha
  7394 | D:8      | 7394 ||| INVOKING Trog's Hand.
  7396 | D:8      | 7396 ||| INVOKING Brothers in Arms.
  7397 | D:8      | 7397 ||| INVOKING Berserk.
  7398 | D:8      | Killed Joseph
  7398 | D:8      | Reached skill level 12 in Axes
  7399 | D:8      | Killed Erolcha
  7423 | D:8      | 7423 ||| EATING beef jerky.
  7472 | D:8      | 7472 ||| READING scroll of enchant weapon.
  7472 | D:8      | 7472 ||| ENCHANTING +5 antimagic executioner's axe.
  7568 | D:8      | 7568 ||| READING scroll of enchant weapon.
  7568 | D:8      | 7568 ||| ENCHANTING +6 antimagic executioner's axe.
  7758 | D:8      | Noticed a two-headed hydra
  7759 | D:8      | 7759 ||| INVOKING Brothers in Arms.
  7760 | D:8      | 7760 ||| INVOKING Berserk.
  7763 | D:8      | Killed a four-headed hydra
  7926 | D:8      | Reached skill level 13 in Axes
  8060 | D:8      | Noticed Grum
  8064 | D:8      | 8064 ||| INVOKING Berserk.
  8074 | D:8      | Killed Grum
  8102 | D:8      | 8102 ||| EATING 12 fruits.
  8145 | D:8      | 8145 ||| INVOKING Berserk.
  8153 | D:8      | Reached XP level 11. HP: 67/67 MP: 3/11
  8255 | D:8      | Received a gift from Trog
  8529 | D:9      | Noticed Edmund
  8539 | D:9      | Killed Edmund
  8566 | D:9      | 8566 ||| INVOKING Berserk.
  8645 | D:9      | 8645 ||| INVOKING Berserk.
  8707 | D:9      | Noticed a hill giant
  8709 | D:9      | 8709 ||| INVOKING Berserk.
  8715 | D:9      | Killed a hill giant
  8715 | D:9      | Reached skill level 14 in Axes
  8720 | D:9      | HP: 24/100 [worker ant (3)]
  8728 | D:9      | 8728 ||| READING scroll of teleportation.
  8731 | D:9      | 8731 ||| INVOKING Brothers in Arms.
  8865 | D:9      | 8865 ||| INVOKING Berserk.
  8876 | D:9      | 8876 ||| EATING 11 fruits.
  8964 | D:9      | 8964 ||| EATING 10 fruits.
  9065 | D:9      | Noticed a hill giant
  9070 | D:9      | 9070 ||| INVOKING Berserk.
  9074 | D:9      | Killed a hill giant
  9087 | D:9      | 9087 ||| EATING 9 fruits.
  9260 | D:9      | 9260 ||| INVOKING Berserk.
  9272 | D:9      | 9272 ||| INVOKING Brothers in Arms.
  9282 | D:9      | 9282 ||| EATING 8 fruits.
  9369 | D:9      | Found a basalt altar of Yredelemnul.
  9378 | D:9      | Found Klacaappau's Evil Emporium.
  9552 | D:9      | 9552 ||| INVOKING Berserk.
  9614 | D:9      | 9614 ||| EATING 7 fruits.
  9640 | D:9      | Found a staircase to the Orcish Mines.
  9772 | D:9      | 9772 ||| INVOKING Berserk.
 10155 | D:9      | Received a gift from Trog
 10181 | D:9      | 10181 ||| UPGRADING to glowing chain mail.
 10191 | D:9      | 10191 ||| UPGRADING to +0 plate armour.
 10201 | D:9      | 10201 ||| READING 5 scrolls of identify.
 10201 | D:9      | 10201 ||| IDENTIFYING wand of hasting
 10249 | D:10     | Entered Level 10 of the Dungeon
 10253 | D:10     | 10253 ||| STAIRDANCE
 10296 | D:10     | Reached skill level 15 in Axes
 10698 | D:10     | 10698 ||| EATING 6 fruits.
 10700 | D:10     | Noticed a hill giant
 10704 | D:10     | 10704 ||| INVOKING Berserk.
 10707 | D:10     | Killed a hill giant
 10803 | D:10     | Noticed a hill giant
 10809 | D:10     | 10809 ||| INVOKING Berserk.
 10815 | D:10     | Killed a hill giant
 10815 | D:10     | Reached XP level 12. HP: 59/73 MP: 4/12
 11179 | D:10     | 11179 ||| READING scroll of enchant weapon.
 11179 | D:10     | 11179 ||| ENCHANTING +7 antimagic executioner's axe.
 11431 | D:10     | 11431 ||| EATING 5 fruits.
 11435 | D:10     | 11435 ||| UPGRADING to runed steel ring.
 11436 | D:10     | 11436 ||| REMOVING ring of fire.
 11437 | D:10     | 11437 ||| READING 4 scrolls of identify.
 11437 | D:10     | 11437 ||| IDENTIFYING white potion
 11475 | D:11     | 11475 ||| STAIRDANCE
 11487 | D:11     | Noticed Gastronok
 11488 | D:11     | 11488 ||| STAIRDANCE
 11533 | D:11     | Killed Gastronok
 11560 | D:11     | Received a gift from Trog
 11599 | D:11     | Noticed Nessos
 11600 | D:11     | 11600 ||| INVOKING Brothers in Arms.
 11602 | D:11     | 11602 ||| INVOKING Berserk.
 11609 | D:11     | Killed Nessos
 11837 | D:11     | Reached skill level 16 in Axes
 11860 | D:11     | Found a staircase to the Lair.
 12027 | D:11     | 12027 ||| INVOKING Berserk.
 12045 | D:11     | 12045 ||| EATING 4 fruits.
 12223 | D:11     | 12223 ||| EATING 3 fruits.
 12254 | D:11     | Found a runed door.
 12255 | D:11     | Found a runed door.
 12271 | D:11     | Noticed Sonja
 12273 | D:11     | 12273 ||| INVOKING Brothers in Arms.
 12277 | D:11     | 12277 ||| INVOKING Berserk.
 12332 | D:11     | 12332 ||| EATING 2 fruits.
 12339 | D:11     | 12339 ||| INVOKING Brothers in Arms.
 12346 | D:11     | Killed Sonja
 12391 | D:11     | 12391 ||| READING scroll of enchant weapon.
 12391 | D:11     | 12391 ||| ENCHANTING +8 antimagic executioner's axe.
 12840 | D:11     | 12840 ||| UPGRADING to embroidered hat.
 12845 | D:11     | 12845 ||| READING 3 scrolls of identify.
 12845 | D:11     | 12845 ||| IDENTIFYING glowing cyan potion
 12877 | Lair:1   | Entered Level 1 of the Lair of Beasts
 12878 | Lair:1   | 12878 ||| Entered L.
 13035 | Lair:1   | Noticed an eight-headed hydra
 13036 | Lair:1   | 13036 ||| INVOKING Brothers in Arms.
 13038 | Lair:1   | 13038 ||| INVOKING Berserk.
 13045 | Lair:1   | Killed a 15-headed hydra
 13387 | Lair:1   | Received a gift from Trog
 13503 | Lair:1   | Reached XP level 13. HP: 79/79 MP: 4/13
 13560 | Lair:1   | Reached skill level 17 in Axes
 13944 | Lair:1   | 13944 ||| INVOKING Brothers in Arms.
 13946 | Lair:1   | 13946 ||| INVOKING Berserk.
 13949 | Lair:1   | Reached skill level 6 in Armour
 13955 | Lair:1   | 13955 ||| EATING fruit.
 14001 | Lair:1   | 14001 ||| EATING 6 slices of pizza.
 14034 | Lair:1   | 14034 ||| READING 3 scrolls of identify.
 14034 | Lair:1   | 14034 ||| IDENTIFYING metallic dark potion
 14909 | Lair:2   | 14909 ||| INVOKING Berserk.
 14929 | Lair:2   | Received a gift from Trog
 15074 | Lair:2   | 15074 ||| UPGRADING to glowing chain mail.
 15084 | Lair:2   | 15084 ||| READING 4 scrolls of remove curse.
 15085 | Lair:2   | 15085 ||| UPGRADING to +0 chain mail of fire resistance.
 15095 | Lair:2   | 15095 ||| UPGRADING to +0 plate armour.
 15105 | Lair:2   | 15105 ||| DROPPING +0 chain mail.
 15106 | Lair:2   | 15106 ||| UPGRADING to glowing chain mail.
 15116 | Lair:2   | 15116 ||| READING 3 scrolls of remove curse.
 15117 | Lair:2   | 15117 ||| UPGRADING to +0 chain mail of fire resistance.
 15127 | Lair:2   | 15127 ||| UPGRADING to +0 plate armour.
 15137 | Lair:2   | 15137 ||| DROPPING +0 chain mail.
 15138 | Lair:2   | 15138 ||| UPGRADING to glowing brass ring.
 15139 | Lair:2   | 15139 ||| REMOVING ring of magical power.
 15140 | Lair:2   | 15140 ||| DROPPING ring of magical power.
 15141 | Lair:2   | 15141 ||| UPGRADING to bronze ring.
 15142 | Lair:2   | 15142 ||| REMOVING ring of sustain abilities.
 15143 | Lair:2   | 15143 ||| DROPPING ring of sustain abilities.
 15144 | Lair:2   | 15144 ||| READING scroll labeled ANEOCIOTUE.
 15341 | Lair:3   | 15341 ||| EATING 5 slices of pizza.
 15472 | Lair:3   | 15472 ||| INVOKING Berserk.
 15475 | Lair:3   | Reached skill level 9 in Fighting
 16059 | Lair:3   | 16059 ||| EATING 5 slices of pizza.
 16202 | Lair:3   | 16202 ||| READING scroll labeled PRAYNW IWKIGO.
 16203 | Lair:3   | 16203 ||| READING 4 scrolls of identify.
 16203 | Lair:3   | 16203 ||| IDENTIFYING fizzy cyan potion
 16238 | Lair:4   | Noticed Erica
 16239 | Lair:4   | 16239 ||| INVOKING Berserk.
 16246 | Lair:4   | Killed Erica
 16246 | Lair:4   | Reached skill level 18 in Axes
 16284 | Lair:4   | 16284 ||| EATING 4 slices of pizza.
 16329 | Lair:4   | 16329 ||| INVOKING Brothers in Arms.
 16331 | Lair:4   | 16331 ||| INVOKING Berserk.
 16387 | Lair:4   | Found a stormy altar of Qazlal.
 16451 | Lair:4   | Noticed ronnideworm's ghost (powerful MiBe)
 16451 | Lair:4   | 16451 ||| INVOKING Brothers in Arms.
 16454 | Lair:4   | 16454 ||| INVOKING Berserk.
 16459 | Lair:4   | Killed ronnideworm's ghost
 16463 | Lair:4   | 16463 ||| EATING 3 slices of pizza.
 16652 | Lair:4   | Found a labyrinth entrance.
 17461 | Lair:4   | 17461 ||| READING scroll labeled PLUREE TACEIP.
 17462 | Lair:4   | 17462 ||| READING 4 scrolls of identify.
 17462 | Lair:4   | 17462 ||| IDENTIFYING black potion
 17463 | Lair:4   | 17463 ||| READING 3 scrolls of identify.
 17463 | Lair:4   | 17463 ||| IDENTIFYING purple potion
 17464 | Lair:4   | 17464 ||| DRINKING potion of beneficial mutation.
 17464 | Lair:4   | Gained mutation: Your flesh is heat resistant. [potion of beneficial mutation]
 17498 | Lair:5   | 17498 ||| INVOKING Berserk.
 17507 | Lair:5   | 17507 ||| EATING 2 slices of pizza.
 17941 | Lair:5   | Noticed Rupert
 17942 | Lair:5   | 17942 ||| INVOKING Trog's Hand.
 17943 | Lair:5   | 17943 ||| INVOKING Brothers in Arms.
 17946 | Lair:5   | 17946 ||| INVOKING Berserk.
 17949 | Lair:5   | Killed Rupert
 17954 | Lair:5   | 17954 ||| EATING slice of pizza.
 18025 | Lair:5   | Gained mutation: Your wings are large and strong. [gargoyle growth]
 18025 | Lair:5   | Reached XP level 14. HP: 82/86 MP: 4/14
 18028 | Lair:5   | 18028 ||| INVOKING Fly.
 18028 | Lair:5   | 18028 ||| FLYING.
 18149 | Lair:5   | Found a hole to the Spider Nest.
 18504 | Lair:6   | Found a snail-covered altar of Cheibriados.
 18510 | Lair:6   | 18510 ||| INVOKING Brothers in Arms.
 18511 | Lair:6   | 18511 ||| INVOKING Brothers in Arms.
 18512 | Lair:6   | 18512 ||| INVOKING Brothers in Arms.
 18513 | Lair:6   | 18513 ||| INVOKING Berserk.
 18521 | Lair:6   | 18521 ||| EATING 2 beef jerkies.
 18652 | Lair:6   | Found a staircase to the Shoals.
 18788 | Lair:6   | Found a staircase to the Slime Pits.
 19017 | Lair:6   | 19017 ||| INVOKING Brothers in Arms.
 19022 | Lair:6   | 19022 ||| INVOKING Brothers in Arms.
 19023 | Lair:6   | 19023 ||| INVOKING Brothers in Arms.
 19035 | Lair:6   | Reached skill level 19 in Axes
 19042 | Lair:6   | HP: 19/86 [wyvern (3)]
 19043 | Lair:6   | 19043 ||| DRINKING 4 potions of heal wounds.
 19054 | Lair:6   | 19054 ||| READING 2 scrolls of teleportation.
 19140 | Lair:6   | 19140 ||| EATING beef jerky.
 19452 | Lair:6   | 19452 ||| EATING 3 fruits.
 19777 | Lair:6   | 19777 ||| UPGRADING to pair of boots.
 19817 | Lair:7   | Received a gift from Trog
 19824 | Lair:7   | Noticed Maud
 19829 | Lair:7   | 19829 ||| INVOKING Berserk.
 19837 | Lair:7   | Killed Maud
 19890 | Lair:7   | 19890 ||| EATING 2 fruits.
 19998 | Lair:7   | Found a dark tunnel.
 20329 | Lair:7   | 20329 ||| INVOKING Brothers in Arms.
 20332 | Lair:7   | 20332 ||| INVOKING Berserk.
 20382 | Lair:7   | 20382 ||| EATING fruit.
 20762 | Lair:7   | 20762 ||| UPGRADING to runed plate armour.
 20772 | Lair:7   | 20772 ||| DROPPING +0 plate armour.
 20773 | Lair:7   | 20773 ||| UPGRADING to bone ring.
 20774 | Lair:7   | 20774 ||| REMOVING ring of protection from magic.
 20775 | Lair:7   | 20775 ||| READING scroll labeled BILUQOIPSI.
 20776 | Lair:7   | 20776 ||| READING scroll labeled JOINLE DOBLUU.
 20776 | Lair:7   | Identified a scroll of acquirement
 20778 | Lair:7   | 20778 ||| UPGRADING to pair of glowing boots.
 20788 | Lair:7   | 20788 ||| DROPPING +0 pair of boots.
 20809 | Lair:8   | Entered Level 8 of the Lair of Beasts
 20810 | Lair:8   | 20810 ||| STAIRDANCE
 20815 | Lair:8   | 20815 ||| STAIRDANCE
 20820 | Lair:8   | 20820 ||| STAIRDANCE
 20966 | Lair:8   | 20966 ||| INVOKING Berserk.
 21010 | Lair:8   | 21010 ||| INVOKING Brothers in Arms.
 21016 | Lair:8   | 21016 ||| INVOKING Berserk.
 21186 | Lair:8   | 21186 ||| INVOKING Berserk.
 21202 | Lair:8   | 21202 ||| EATING 6 meat rations.
 21469 | Lair:8   | Reached skill level 20 in Axes
 21477 | Lair:8   | 21477 ||| INVOKING Berserk.
 21480 | Lair:8   | Received a gift from Trog
 21498 | Lair:8   | 21498 ||| READING scroll of teleportation.
 21509 | Lair:8   | 21509 ||| INVOKING Brothers in Arms.
 21893 | Lair:8   | Reached XP level 15. HP: 92/92 MP: 15/15
 22180 | Lair:8   | 22180 ||| INVOKING Berserk.
 22305 | Lair:8   | Received a gift from Trog
 22307 | Lair:8   | 22307 ||| UPGRADING to glowing battleaxe {god gift}.
 22308 | Lair:8   | 22308 ||| UPGRADING to +9 executioner's axe of draining.
 22309 | Lair:8   | 22309 ||| DROPPING +2 antimagic battleaxe.
 22732 | Lair:2   | 22732 ||| EATING 5 meat rations.
 22750 | Lair:1   | 22750 ||| INVOKING Brothers in Arms.
 22751 | Lair:1   | 22751 ||| INVOKING Berserk.
 23108 | Orc:1    | Entered Level 1 of the Orcish Mines
 23109 | Orc:1    | 23109 ||| Entered O.
 23109 | Orc:1    | 23109 ||| STAIRDANCE
 23114 | Orc:1    | 23114 ||| STAIRDANCE
 23120 | Orc:1    | 23120 ||| STAIRDANCE
 23128 | Orc:1    | 23128 ||| STAIRDANCE
 23134 | Orc:1    | 23134 ||| STAIRDANCE
 23183 | Orc:1    | 23183 ||| STAIRDANCE
 23267 | Orc:1    | Noticed Maurice
 23277 | Orc:1    | Killed Maurice
 23701 | Orc:3    | Noticed Josephine
 23702 | Orc:3    | 23702 ||| STAIRDANCE
 23708 | Orc:3    | 23708 ||| STAIRDANCE
 23717 | Orc:3    | 23717 ||| STAIRDANCE
 23724 | Orc:2    | Killed Josephine
 24016 | D:12     | 24016 ||| STAIRDANCE
 24151 | D:12     | Received a gift from Trog
 24159 | D:12     | 24159 ||| READING scroll of enchant armour.
 24159 | D:12     | 24159 ||| ENCHANTING +1 pair of gloves.
 24468 | D:12     | Got a steaming golden amulet
 24582 | D:12     | Noticed Urug
 24591 | D:12     | Killed Urug
 24669 | D:12     | Found a frozen archway.
 24861 | D:12     | 24861 ||| UPGRADING to steaming golden amulet.
 24861 | D:12     | Identified the amulet "Oceoxuhu" {+Blink rPois rC+ Regen+ Int+4 Dex-5} (You found it on level 12 of the Dungeon)
 24862 | D:12     | 24862 ||| UPGRADING to shiny moonstone ring.
 24863 | D:12     | 24863 ||| REMOVING ring of invisibility.
 24864 | D:12     | 24864 ||| DROPPING ring of invisibility.
 24865 | D:12     | 24865 ||| READING scroll labeled QEOVAO CUSUG.
 24905 | D:13     | 24905 ||| INVOKING Trog's Hand.
 24906 | D:13     | 24906 ||| STAIRDANCE
 24913 | D:13     | 24913 ||| STAIRDANCE
 24919 | D:13     | 24919 ||| STAIRDANCE
 24948 | D:13     | Found a gate to the Vaults.
 24960 | D:13     | Received a gift from Trog
 24980 | D:13     | 24980 ||| UPGRADING to runed executioner's axe {god gift}.
 24981 | D:13     | 24981 ||| UPGRADING to +9 executioner's axe of draining.
 24982 | D:13     | 24982 ||| DROPPING +3 antimagic executioner's axe.
 25030 | D:13     | 25030 ||| INVOKING Trog's Hand.
 25034 | D:13     | 25034 ||| INVOKING Berserk.
 25036 | D:13     | Reached skill level 21 in Axes
 25359 | D:13     | Noticed Harold
 25366 | D:13     | Killed Harold
 25385 | D:13     | 25385 ||| READING scroll of enchant armour.
 25385 | D:13     | 25385 ||| ENCHANTING +1 pair of boots of flying.
 25570 | D:13     | 25570 ||| INVOKING Berserk.
 25919 | D:13     | 25919 ||| UPGRADING to tiny sapphire amulet.
 25976 | D:13     | 25976 ||| UPGRADING to dented bronze amulet.
 25978 | D:13     | 25978 ||| READING 6 scrolls of remove curse.
 25979 | D:13     | 25979 ||| REMOVING amulet of inaccuracy.
 25980 | D:13     | 25980 ||| DROPPING amulet of inaccuracy.
 25981 | D:13     | 25981 ||| UPGRADING to amulet "Oceoxuhu" {+Blink rPois rC+ Regen+ Int+4 Dex-5}.
 25982 | D:13     | 25982 ||| DROPPING amulet of resist mutation.
 25983 | D:13     | 25983 ||| UPGRADING to small bronze ring.
 26013 | D:14     | 26013 ||| INVOKING Brothers in Arms.
 26014 | D:14     | 26014 ||| INVOKING Berserk.
 26021 | D:14     | 26021 ||| EATING 2 beef jerkies.
 26103 | D:14     | Noticed Fannar
 26120 | D:14     | Killed Fannar
 26488 | D:14     | 26488 ||| READING scroll of enchant armour.
 26488 | D:14     | 26488 ||| ENCHANTING +1 plate armour of magic resistance.
 26516 | D:14     | 26516 ||| INVOKING Brothers in Arms.
 26519 | D:14     | 26519 ||| INVOKING Berserk.
 26554 | D:14     | 26554 ||| EATING beef jerky.
 26720 | D:14     | 26720 ||| DROPPING +0 chain mail of fire resistance.
 26721 | D:14     | 26721 ||| READING 9 scrolls of identify.
 26721 | D:14     | 26721 ||| IDENTIFYING green potion
 26750 | D:15     | Entered Level 15 of the Dungeon
 26751 | D:15     | 26751 ||| STAIRDANCE
 26779 | D:15     | 26779 ||| STAIRDANCE
 26809 | D:15     | 26809 ||| STAIRDANCE
 26892 | D:15     | Reached XP level 16. HP: 85/99 MP: 16/16
 26912 | D:15     | Found a staircase to the Depths.
 26912 | D:15     | Noticed a fire giant
 26917 | D:15     | 26917 ||| INVOKING Berserk.
 26922 | D:15     | Killed a fire giant
 27090 | D:15     | 27090 ||| DRINKING potion of beneficial mutation.
 27090 | D:15     | Gained mutation: You possess an exceptional clarity of mind. [potion of beneficial mutation]
 27177 | D:15     | Found a portal to a secret trove of treasure.
 27398 | D:12     | 27398 ||| EATING slice of pizza.
 27699 | Shoals:1 | Entered Level 1 of the Shoals
 27700 | Shoals:1 | 27700 ||| Entered A.
 27702 | Shoals:1 | 27702 ||| STAIRDANCE
 27712 | Shoals:1 | 27712 ||| STAIRDANCE
 28510 | Shoals:1 | 28510 ||| UPGRADING to twisted pearl amulet.
 28512 | Shoals:1 | 28512 ||| UPGRADING to amulet "Oceoxuhu" {+Blink rPois rC+ Regen+ Int+4 Dex-5}.
 28514 | Shoals:1 | 28514 ||| DROPPING amulet of clarity.
 28515 | Shoals:1 | 28515 ||| UPGRADING to twisted moonstone ring.
 28516 | Shoals:1 | 28516 ||| REMOVING +2 ring of intelligence.
 28517 | Shoals:1 | 28517 ||| DROPPING +2 ring of intelligence.
 28790 | Shoals:2 | Reached skill level 22 in Axes
 29026 | Shoals:2 | Received a gift from Trog
 29028 | Shoals:2 | 29028 ||| UPGRADING to runed battleaxe {god gift}.
 29029 | Shoals:2 | 29029 ||| UPGRADING to +9 executioner's axe of draining.
 29030 | Shoals:2 | 29030 ||| DROPPING +3 battleaxe of chopping.
 29481 | Shoals:3 | 29481 ||| DRINKING potion of beneficial mutation.
 29481 | Shoals:3 | Gained mutation: You have supernaturally acute eyesight. [potion of beneficial mutation]
 29640 | Shoals:3 | Found Xiusaq's Armour Emporium.
 29752 | Shoals:3 | 29752 ||| INVOKING Berserk.
 29759 | Shoals:3 | HP: 27/150 [merfolk aquamancer/ball of steam (12)]
 29767 | Shoals:3 | 29767 ||| READING 3 scrolls of teleportation.
 29768 | Shoals:3 | 29768 ||| DRINKING 6 potions of heal wounds.
 29801 | Shoals:3 | 29801 ||| EATING beef jerky.
 30062 | Shoals:3 | 30062 ||| EATING 5 fruits.
 30295 | Shoals:4 | 30295 ||| EATING 4 fruits.
 30305 | Shoals:4 | 30305 ||| READING scroll of enchant armour.
 30305 | Shoals:4 | 30305 ||| ENCHANTING +2 plate armour of magic resistance.
 30929 | Shoals:5 | Entered Level 5 of the Shoals
 30950 | Shoals:5 | Noticed drasked's ghost (mighty GrBe)
 30951 | Shoals:5 | 30951 ||| INVOKING Brothers in Arms.
 30954 | Shoals:5 | 30954 ||| INVOKING Berserk.
 30965 | Shoals:5 | Killed drasked's ghost
 30970 | Shoals:5 | 30970 ||| EATING 3 fruits.
 31006 | Shoals:5 | 31006 ||| EATING 2 fruits.
 31194 | Shoals:5 | Reached XP level 17. HP: 55/104 MP: 17/17
 31197 | Shoals:5 | 31197 ||| INVOKING Berserk.
 31437 | Shoals:5 | Reached skill level 23 in Axes
 31602 | Shoals:5 | Received a gift from Trog
 31626 | Shoals:5 | 31626 ||| INVOKING Berserk.
 31772 | Shoals:5 | 31772 ||| INVOKING Trog's Hand.
 31797 | Shoals:5 | 31797 ||| INVOKING Berserk.
 31797 | Shoals:5 | HP: 35/159 [merfolk javelineer/steel javelin (16)]
 31798 | Shoals:5 | Killed from afar by a merfolk aquamancer

Vault maps used:
D:1:      ncdulo_lavacross
D:2:      first_bread, minmay_tree_intersection
D:3:      kennysheep_generic_room_12, uniq_terence
D:5:      lemuel_castle_with_subvaults, lemuel_round_altar,
          cheibrodos_gnoll_hut, uniq_sigmund
D:6:      kennysheep_mini, nicolae_overflow_hidden_temple,
          minmay_temple_entry_glassed_door, uniq_blork_the_orc
D:7:      grunt_decor_arrowhead, uniq_crazy_yiuf_cottage, uniq_eustachio
D:8:      hangedman_ranch, uniq_grum, uniq_erolcha, uniq_joseph
D:9:      hangedman_cross_veins, zombieorc1_lemuel, nicolae_evil_shop,
          uniq_edmund
D:10:     enter_bailey_7, serial_co_window_serial, co_window_paths_a,
          co_window_paths_a, co_window_of_opportunity_a, co_window_paths_a,
          co_window_corner_a, co_window_corner_b, co_window_of_opportunity_b,
          co_window_corner_b, co_window_unsneaky_path_c, co_window_broadway_a,
          co_window_sun, kennysheep_generic_room_7
D:11:     lemuel_troll_bridge, david_lair_shrubbed, serial_glass,
          glass_columns_b, glass_columns_b, uniq_gastronok, uniq_sonja,
          uniq_nessos
D:12:     serial_ice, serial_ice_f, serial_ice_c, serial_ice_l, serial_ice_e,
          portal_ice_cave_entry_ice_beasts, uniq_urug
D:13:     hangedman_cross_stitches, david_vaults_2, uniq_harold
D:14:     minmay_holes, uniq_fannar
D:15:     grunt_enter_depths_giant_problem, enter_trove_6, hex_medium
Lair:1:   st_stairs_11, grunt_megastairs_2, serial_bayou_shore_b
Lair:2:   special_room, beast_lair_carwin_7
Lair:3:   beast_lair_carwin_11
Lair:4:   lab_entry_generic, basic_altar, uniq_erica
Lair:5:   nicolae_spider_entry_non_spiders, st_stairs_5, uniq_rupert
Lair:6:   elwin_shoals_entry_rocks, nicolae_slime_entry_slimehenge, basic_altar,
          special_room, st_stairs_13, lemuel_fruit_fields
Lair:7:   enter_volcano_1, uniq_maud
Lair:8:   minmay_lair_end_enchanted_forest, lemuel_old_faithful
Shoals:3: serial_shops, shop, nicolae_shoals_circle_sea_wall, st_sunken_huts
Shoals:5: shoals_end_simple, shoal_ilsuiw, nicolae_shoals_seven_spires
Orc:1:    serial_shops, shop, uniq_maurice
Orc:2:    trog_hazing_becter
Orc:3:    nicolae_orc_pool_cavern, uniq_josephine

Action                   |  1- 3 |  4- 6 |  7- 9 | 10-12 | 13-15 | 16-18 || total
-------------------------+-------+-------+-------+-------+-------+-------++-------
Melee: Hand axe          |   186 |    30 |       |       |       |       ||   216
       War axe           |       |    87 |   249 |       |       |       ||   336
       Executioner's axe |       |       |    48 |   586 |  1067 |   451 ||  2152
Throw: Tomahawk          |       |       |   106 |    89 |     9 |       ||   204
       Javelin           |       |       |       |       |    86 |     4 ||    90
Invok: Berserk           |     2 |     1 |    12 |    18 |    21 |     6 ||    60
       Brothers in Arms  |       |       |     1 |     8 |    13 |     1 ||    23
       Trog's Hand       |       |       |       |     1 |     3 |     1 ||     5
 Abil: Fly               |       |       |       |       |     1 |       ||     1
  Use: Scroll            |     4 |    12 |     4 |     8 |    19 |     2 ||    49
       Potion            |       |     3 |       |       |     2 |     3 ||     8
 Stab: Distracted        |       |       |       |       |     1 |       ||     1
  Eat: Bread ration      |     1 |       |       |       |       |       ||     1
       Chunk             |     1 |     5 |     4 |    31 |    40 |    18 ||    99
       Beef jerky        |       |     1 |       |     1 |     4 |     1 ||     7
       Meat ration       |       |       |     4 |       |     2 |       ||     6
       Fruit             |       |       |       |    11 |     4 |     4 ||    19
       Pizza             |       |       |       |       |     7 |     1 ||     8
